3A
COLUMBIA RIVER RATS @ BELLEVILLE BULLS
08/31/2038
 
TOP OF THE 1ST
Columbia River Rats batting - Pitching for Belleville Bulls : RHP Bartolo Guerra
Pitching: RHP Bartolo Guerra
Batting: LHB Ji-e Loh 0-0: Ball
1-0: Fly out, F9 (Flyball, 9S, EV 75.0 MPH)
Batting: LHB Min-ho Yun 0-0: Foul Ball, location: 2F
0-1: SINGLE (Groundball, 56D, EV 95.6 MPH)
Batting: SHB Dean Barthorpe 0-0: Foul Ball, location: 2F
0-1: 2-RUN HOME RUN (Flyball, 9LD, EV 100.0 MPH), Distance : 339 ft
Batting: LHB Frank Morris 0-0: Ground out 4-3 (Groundball, 4, EV 98.8 MPH)
Batting: RHB John Alexander 0-0: Ball
1-0: Swinging Strike
1-1: Ball
2-1: Foul Ball, location: 2F
2-2: Ball
3-2: Base on Balls
Batting: RHB Pu-feng Zhou 0-0: Ball
1-0: Ball
2-0: Ground out 4-3 (Groundball, 34, EV 102.5 MPH)
Top of the 1st over - 2 runs, 2 hits, 0 errors, 1 left on base; Columbia 2 - Belleville 0
BOTTOM OF THE 1ST
Belleville Bulls batting - Pitching for Columbia River Rats : LHP Raúl Díaz
Pitching: LHP Raúl Díaz
Batting: SHB Aristotle Auer 0-0: SINGLE (Groundball, 4M, EV 94.4 MPH)
Batting: RHB Tom Rowland 0-0: Ball
1-0: Swinging Strike
1-1: Ball
2-1: Ball
3-1: Called Strike
3-2: Base on Balls
Aristotle Auer to second
Batting: RHB Amor Campos 0-0: Called Strike
0-1: Fly out, F7 (Flyball, 7S, EV 88.1 MPH)
Batting: RHB Imbart Baars 0-0: Called Strike
0-1: Ball
1-1: Ball
2-1: Ball
3-1: Foul Ball, location: 2F
3-2: Ground out 5-3 (Groundball, 56, EV 85.0 MPH)
Aristotle Auer to third
Tom Rowland to second
Batting: RHB Spencer Wiggins 0-0: Called Strike
0-1: Ball
1-1: Ball
2-1: Ball
3-1: Base on Balls
Batting: RHB Sean Urien 0-0: Ball
1-0: Fly out, F8 (Flyball, 8LS, EV 96.2 MPH)
Bottom of the 1st over - 0 runs, 1 hit, 0 errors, 3 left on base; Columbia 2 - Belleville 0
TOP OF THE 2ND
Columbia River Rats batting - Pitching for Belleville Bulls : RHP Bartolo Guerra
Batting: RHB Cédric Causse 0-0: Ball
1-0: Ball
2-0: Ball
3-0: Called Strike
3-1: Ground out 5-3 (Groundball, 5, EV 105.0 MPH)
Batting: LHB Seb Considine 0-0: Ball
1-0: Bunted foul
1-1: Fly out, F7 (Flyball, 7D, EV 97.5 MPH)
Batting: RHB Ryan Guengerich 0-0: Called Strike
0-1: Ball
1-1: Ball
2-1: Called Strike
2-2: Foul Ball, location: 2F
2-2: Ball
3-2: Base on Balls
Batting: LHB Ji-e Loh 0-0: Ball
1-0: Ball
2-0: Called Strike
2-1: SINGLE (Flyball, 89S, EV 83.8 MPH)
Ryan Guengerich to second
Runner from 2nd tries for 3rd, SAFE, no throw by RF
Batting: LHB Min-ho Yun 0-0: SINGLE (Groundball, 6, EV 99.4 MPH) (infield hit)
Ryan Guengerich scores
Ji-e Loh to second
Batting: SHB Dean Barthorpe 0-0: Foul Ball, location: 2F
0-1: Ball
1-1: Swinging Strike
1-2: Foul Ball, location: 2F
1-2: Foul Ball, location: 2F
1-2: Ball
2-2: Fly out, F8 (Flyball, 8LM, EV 97.5 MPH)
Top of the 2nd over - 1 run, 2 hits, 0 errors, 2 left on base; Columbia 3 - Belleville 0
BOTTOM OF THE 2ND
Belleville Bulls batting - Pitching for Columbia River Rats : LHP Raúl Díaz
Batting: RHB Han Spoelstra 0-0: Called Strike
0-1: Ball
1-1: Ball
2-1: Called Strike
2-2: Ground out 6-3 (Groundball, 6, EV 81.2 MPH)
Batting: LHB Travis Ladd 0-0: Called Strike
0-1: DOUBLE (Flyball, 89XD, EV 97.5 MPH)
Batting: RHB Conan Porter 0-0: Ball
1-0: Ball
2-0: Ball
3-0: Base on Balls
Batting: SHB Aristotle Auer 0-0: Ball
1-0: Ball
2-0: Ball
3-0: Called Strike
3-1: Foul Ball, location: 2F
3-2: Foul Ball, location: 2F
3-2: SINGLE (Groundball, 6MD, EV 104.4 MPH)
Travis Ladd to third
Conan Porter to second
Runner from 3rd tries for Home, SAFE, throw by CF to home
Batting: RHB Tom Rowland 0-0: Swinging Strike
0-1: Fielders Choice at 2nd, 1-6 (Groundball, 13, EV 86.9 MPH)
Conan Porter to third
Batting: RHB Amor Campos 0-0: Ball
1-0: Swinging Strike
1-1: Swinging Strike
1-2: Ball
2-2: Fly out, F9 (Flyball, 89D, EV 97.5 MPH)
Bottom of the 2nd over - 1 run, 2 hits, 0 errors, 2 left on base; Columbia 3 - Belleville 1
TOP OF THE 3RD
Columbia River Rats batting - Pitching for Belleville Bulls : RHP Bartolo Guerra
Batting: LHB Frank Morris 0-0: Called Strike
0-1: Ball
1-1: Ball
2-1: SINGLE (Flyball, 5D, EV 97.5 MPH)
Batting: RHB John Alexander 0-0: Ball
1-0: Ball
2-0: Ball
3-0: Called Strike
3-1: Base on Balls
Frank Morris to second
Batting: RHB Pu-feng Zhou 0-0: Foul Ball, location: 2F
0-1: Ball
1-1: Foul Ball, location: 2F
1-2: Ball
2-2: Foul Ball, location: 2F
2-2: Strikes out looking
Batting: RHB Cédric Causse 0-0: Called Strike
0-1: Hit by Pitch
Frank Morris to third
John Alexander to second
Batting: LHB Seb Considine 0-0: SINGLE (Groundball, 4S, EV 85.0 MPH) (infield hit)
Frank Morris scores
John Alexander to third
Cédric Causse to second
Pinch Runner at 1st Christian Payne:
Batting: RHB Ryan Guengerich 0-0: SINGLE (Line Drive, 6D, EV 97.5 MPH)
John Alexander scores
Cédric Causse to third
Christian Payne to second
Pitching: LHP Kenny Lindsey
Batting: LHB Ji-e Loh 0-0: Ball
1-0: Grounds into fielders choice 5-2 (Groundball, 5, EV 107.5 MPH)
Christian Payne to third
Ryan Guengerich to second
Batting: LHB Min-ho Yun 0-0: Foul Ball, location: 2F
0-1: SINGLE (Groundball, 6M, EV 105.0 MPH)
Christian Payne scores
Ryan Guengerich to third
Ji-e Loh to second
Runner from 3rd tries for Home, throw by CF and OUT! 8-2
Top of the 3rd over - 3 runs, 4 hits, 0 errors, 2 left on base; Columbia 6 - Belleville 1
BOTTOM OF THE 3RD
Belleville Bulls batting - Pitching for Columbia River Rats : LHP Raúl Díaz
Now in LF: Ramón Fernández
Batting: RHB Imbart Baars 0-0: Ball
1-0: Swinging Strike
1-1: Swinging Strike
1-2: Fly out, F7 (Flyball, 78XD, EV 81.9 MPH)
Batting: RHB Spencer Wiggins 0-0: Ball
1-0: Ground out 4-3 (Groundball, 4, EV 90.6 MPH)
Batting: RHB Sean Urien 0-0: Ball
1-0: Foul Ball, location: 2F
1-1: DOUBLE (Line Drive, 89D, EV 110.0 MPH)
Batting: RHB Han Spoelstra 0-0: Swinging Strike
0-1: Foul Ball, location: 2F
0-2: SINGLE (Line Drive, 89S, EV 88.1 MPH)
Sean Urien to third
Runner from 3rd tries for Home, SAFE, no throw by RF
Batting: LHB Travis Ladd 0-0: Fly out, F6 (Popup, 6M, EV 63.1 MPH)
Bottom of the 3rd over - 1 run, 2 hits, 0 errors, 1 left on base; Columbia 6 - Belleville 2
TOP OF THE 4TH
Columbia River Rats batting - Pitching for Belleville Bulls : LHP Kenny Lindsey
Batting: SHB Dean Barthorpe 0-0: Ball
1-0: Ball
2-0: Called Strike
2-1: Called Strike
2-2: Foul Ball, location: 2F
2-2: Foul Ball, location: 2F
2-2: Strikes out swinging, 2-3 out at first.
Batting: LHB Frank Morris 0-0: Called Strike
0-1: Swinging Strike
0-2: Ball
1-2: Ball
2-2: Ball
3-2: Strikes out looking
Batting: RHB John Alexander 0-0: Called Strike
0-1: Called Strike
0-2: Strikes out swinging, 2-3 out at first.
Top of the 4th over - 0 runs, 0 hits, 0 errors, 0 left on base; Columbia 6 - Belleville 2
BOTTOM OF THE 4TH
Belleville Bulls batting - Pitching for Columbia River Rats : LHP Raúl Díaz
Batting: RHB Conan Porter 0-0: Called Strike
0-1: Ground out 4-3 (Groundball, 34, EV 85.6 MPH)
Batting: SHB Aristotle Auer 0-0: Swinging Strike
0-1: Ground out 6-3 (Groundball, 6, EV 99.4 MPH)
Batting: RHB Tom Rowland 0-0: Ball
1-0: Ground out 5-3 (Groundball, 56, EV 75.6 MPH)
Bottom of the 4th over - 0 runs, 0 hits, 0 errors, 0 left on base; Columbia 6 - Belleville 2
TOP OF THE 5TH
Columbia River Rats batting - Pitching for Belleville Bulls : LHP Kenny Lindsey
Batting: RHB Pu-feng Zhou 0-0: Called Strike
0-1: Ball
1-1: Reached on error, E4 (Groundball, 4, EV 81.2 MPH)
Batting: RHB Cédric Causse 0-0: Called Strike
0-1: Called Strike
0-2: Strikes out swinging
Batting: LHB Ramón Fernández 0-0: Ball
1-0: Ball
2-0: Ball
3-0: Base on Balls
Pu-feng Zhou to second
Batting: RHB Ryan Guengerich 0-0: Ball
1-0: Called Strike
1-1: Swinging Strike
1-2: Ball
2-2: Ball
3-2: Foul Ball, location: 2F
3-2: Strikes out swinging
Batting: LHB Ji-e Loh 0-0: Foul Ball, location: 2F
0-1: Ball
1-1: Ball
2-1: Called Strike
2-2: SINGLE (Line Drive, 3D, EV 104.4 MPH)
Pu-feng Zhou to third
Ramón Fernández to second
Runner from 3rd tries for Home, SAFE, no throw by RF
Batting: LHB Min-ho Yun 0-0: Ball
1-0: Ball
2-0: Ball
3-0: Called Strike
3-1: Base on Balls
Ramón Fernández to third
Ji-e Loh to second
Batting: SHB Dean Barthorpe 0-0: Ball
1-0: Reached on error, E6 (Groundball, 6, EV 91.2 MPH)
Ramón Fernández scores
Ji-e Loh to third
Min-ho Yun to second
Batting: LHB Frank Morris 0-0: SINGLE (Flyball, 78S, EV 92.5 MPH)
Ji-e Loh scores
Min-ho Yun to third
Dean Barthorpe to second
Batting: RHB John Alexander 0-0: Called Strike
0-1: Foul Ball, location: 2F
0-2: Ball
1-2: Foul Ball, location: 2F
1-2: Foul Ball, location: 2F
1-2: Ball
2-2: Fly out, F8 (Flyball, 89M, EV 95.0 MPH)
Top of the 5th over - 3 runs, 2 hits, 2 errors, 3 left on base; Columbia 9 - Belleville 2
BOTTOM OF THE 5TH
Belleville Bulls batting - Pitching for Columbia River Rats : LHP Raúl Díaz
Batting: RHB Amor Campos 0-0: Swinging Strike
0-1: Ball
1-1: Ball
2-1: Called Strike
2-2: Fly out, F4 (Popup, 4D, EV 76.2 MPH)
Batting: RHB Imbart Baars 0-0: Foul Ball, location: 2F
0-1: Ball
1-1: Ball
2-1: Called Strike
2-2: Ground out 5-3 (Groundball, 5S, EV 88.8 MPH)
Batting: RHB Spencer Wiggins 0-0: Ball
1-0: Ball
2-0: Ground out 5-3 (Groundball, 56, EV 76.9 MPH)
Bottom of the 5th over - 0 runs, 0 hits, 0 errors, 0 left on base; Columbia 9 - Belleville 2
TOP OF THE 6TH
Columbia River Rats batting - Pitching for Belleville Bulls : LHP Kenny Lindsey
Batting: RHB Pu-feng Zhou 0-0: Called Strike
0-1: Ball
1-1: Ball
2-1: Ground out 4-3 (Groundball, 4, EV 106.2 MPH)
Batting: RHB Cédric Causse 0-0: Foul Ball, location: 2F
0-1: Called Strike
0-2: SINGLE (Flyball, 78M, EV 91.2 MPH)
Pitching: RHP Li-zhu Koo
Batting: LHB Ramón Fernández 0-0: Fielders Choice at 2nd, 6-4 (Groundball, 6, EV 80.0 MPH)
Batting: RHB Ryan Guengerich 0-0: Foul Ball, location: 2F
0-1: Ball
1-1: Ball
2-1: Ball
3-1: Base on Balls
Ramón Fernández to second
Batting: LHB Ji-e Loh 0-0: Foul Ball, location: 2F
0-1: Foul Ball, location: 2F
0-2: Fly out, F9 (Flyball, 89D, EV 100.0 MPH)
Top of the 6th over - 0 runs, 1 hit, 0 errors, 2 left on base; Columbia 9 - Belleville 2
BOTTOM OF THE 6TH
Belleville Bulls batting - Pitching for Columbia River Rats : LHP Raúl Díaz
Batting: RHB Sean Urien 0-0: Ball
1-0: Fly out, F8 (Flyball, 78D, EV 86.9 MPH)
Batting: RHB Han Spoelstra 0-0: Called Strike
0-1: Ball
1-1: Ball
2-1: Foul Ball, location: 2F
2-2: Ground out 1-3 (Groundball, 34S, EV 87.5 MPH)
Batting: LHB Travis Ladd 0-0: Ball
1-0: SINGLE (Groundball, 4MD, EV 98.8 MPH)
Batting: RHB Conan Porter 0-0: Fielders Choice at 2nd, 5-4 (Groundball, 5L, EV 101.9 MPH)
Bottom of the 6th over - 0 runs, 1 hit, 0 errors, 1 left on base; Columbia 9 - Belleville 2
TOP OF THE 7TH
Columbia River Rats batting - Pitching for Belleville Bulls : RHP Li-zhu Koo
Pinch Hitting: RHB Oliver Buss 0-0: Foul Ball, location: 2F
0-1: Ball
1-1: Swinging Strike
1-2: DOUBLE (Line Drive, 8LD, EV 103.8 MPH)
Batting: SHB Dean Barthorpe 0-0: Swinging Strike
0-1: Foul Ball, location: 2F
0-2: Strikes out swinging
Batting: LHB Frank Morris 0-0: Foul Ball, location: 2F
0-1: Called Strike
0-2: Foul Ball, location: 2F
0-2: Ball
1-2: SINGLE (Line Drive, 78S, EV 91.9 MPH)
Oliver Buss to third
Batting: RHB John Alexander 0-0: Ball
1-0: Ball
2-0: Foul Ball, location: 2F
2-1: Called Strike
2-2: Strikes out swinging
Batting: RHB Pu-feng Zhou 0-0: Called Strike
0-1: Swinging Strike
0-2: Ball
1-2: Strikes out looking
Top of the 7th over - 0 runs, 2 hits, 0 errors, 2 left on base; Columbia 9 - Belleville 2
BOTTOM OF THE 7TH
Belleville Bulls batting - Pitching for Columbia River Rats : LHP Raúl Díaz
Now at 2B: Félix Ronchi
Pinch Hitting: RHB Rob Shannon 0-0: Ball
1-0: Ball
2-0: Fly out, F6 (Flyball, 6MD, EV 74.4 MPH)
Pinch Hitting: RHB Michael Collier 0-0: Called Strike
0-1: Ball
1-1: Foul Ball, location: 2F
1-2: Foul Ball, location: 2F
1-2: DOUBLE (Flyball, 89D, EV 101.9 MPH)
Pinch Hitting: RHB Manuel Barrera 0-0: Called Strike
0-1: Called Strike
0-2: Ball
1-2: Ball
2-2: Ball
3-2: DOUBLE (Flyball, 89D, EV 103.8 MPH)
Michael Collier scores
Pitching: LHP Adri van Huizen
Batting: RHB Imbart Baars 0-0: Ball
1-0: DOUBLE (Line Drive, 9LS, EV 92.5 MPH)
Manuel Barrera scores
Batting: RHB Spencer Wiggins 0-0: SINGLE (Flyball, 9LS, EV 95.0 MPH)
Imbart Baars to third
Runner from 3rd tries for Home, SAFE, no throw by RF
Batting: RHB Sean Urien 0-0: Fielders Choice at 2nd, 6-4 (Groundball, 56, EV 110.6 MPH)
Now at 2B: Lane Ruffin
Batting: RHB Han Spoelstra 0-0: Swinging Strike
0-1: Ball
1-1: Swinging Strike
1-2: Ball
2-2: Ball
3-2: Base on Balls
Sean Urien to second
Batting: LHB Travis Ladd 0-0: Ball
1-0: Called Strike
1-1: Foul Ball, location: 2F
1-2: Foul Ball, location: 2F
1-2: Ball
2-2: Ball
3-2: TRIPLE (Line Drive, 89XD, EV 106.9 MPH)
Sean Urien scores
Han Spoelstra scores
Pitching: RHP António Morales
Batting: RHB Conan Porter 0-0: Ball
1-0: Called Strike
1-1: Foul Ball, location: 2F
1-2: Foul Ball, location: 2F
1-2: Ball
2-2: Foul Ball, location: 2F
2-2: Foul Ball, location: 2F
2-2: Strikes out swinging
Bottom of the 7th over - 5 runs, 5 hits, 0 errors, 1 left on base; Columbia 9 - Belleville 7
TOP OF THE 8TH
Columbia River Rats batting - Pitching for Belleville Bulls : RHP Li-zhu Koo
Now at 2B: Manuel Barrera
Now at 3B: Michael Collier
Now in CF: Rob Shannon
Batting: RHB Cédric Causse 0-0: Called Strike
0-1: Ball
1-1: Swinging Strike
1-2: Ball
2-2: Strikes out swinging, 2-3 out at first.
Batting: LHB Ramón Fernández 0-0: Ball
1-0: SINGLE (Flyball, 89M, EV 88.1 MPH)
Batting: RHB Ryan Guengerich 0-0: Ball
1-0: Called Strike
1-1: Swinging Strike
1-2: SINGLE (Groundball, 34D, EV 101.9 MPH)
Ramón Fernández to second
Runner from 2nd tries for 3rd, SAFE, throw by RF made to third
Batting: LHB Ji-e Loh 0-0: Called Strike
0-1: Foul Ball, location: 5F, Error on foul ball, E5
0-2: SINGLE (Groundball, 34, EV 105.6 MPH) (infield hit)
Ramón Fernández scores
Ryan Guengerich to second
Batting: RHB Lane Ruffin 0-0: SINGLE (Groundball, 56, EV 106.2 MPH) (infield hit)
Ryan Guengerich to third
Ji-e Loh to second
Pitching: LHP Mike Johnson
Batting: SHB Dean Barthorpe 0-0: Ball
1-0: Swinging Strike
1-1: Hit by Pitch
Ryan Guengerich scores
Ji-e Loh to third
Lane Ruffin to second
Batting: LHB Frank Morris 0-0: Ball
1-0: DOUBLE (Line Drive, 78D, EV 108.8 MPH)
Ji-e Loh scores
Lane Ruffin scores
Dean Barthorpe to third
Pinch Runner at 2nd Phillam Torralba:
Batting: RHB John Alexander 0-0: Ball
1-0: Ball
2-0: SINGLE (Groundball, 6MD, EV 97.5 MPH)
Dean Barthorpe scores
Phillam Torralba to third
Runner from 3rd tries for Home, SAFE, no throw by CF
Batting: RHB Pu-feng Zhou 0-0: DOUBLE (Line Drive, 89XD, EV 105.6 MPH)
John Alexander to third
Runner from 3rd tries for Home, SAFE, throw by RF to trailing runner, SAFE at third!
Pinch Hitting: RHB Chris Rose 0-0: Ball
1-0: Called Strike
1-1: Fly out, F9 (Flyball, 9, EV 78.8 MPH)
Batting: LHB Ramón Fernández 0-0: Swinging Strike
0-1: Called Strike
0-2: Strikes out swinging
Top of the 8th over - 7 runs, 7 hits, 1 error, 1 left on base; Columbia 16 - Belleville 7
BOTTOM OF THE 8TH
Belleville Bulls batting - Pitching for Columbia River Rats : RHP António Morales
Now in RF: Chris Rose
Batting: RHB Rob Shannon 0-0: Called Strike
0-1: Ball
1-1: Called Strike
1-2: Ball
2-2: Ball
3-2: Strikes out swinging
Batting: RHB Michael Collier 0-0: Foul Ball, location: 2F
0-1: Ball
1-1: SOLO HOME RUN (Flyball, 9D, EV 106.9 MPH), Distance : 359 ft
Batting: RHB Manuel Barrera 0-0: Called Strike
0-1: Ball
1-1: Fly out, F7 (Flyball, 7S, EV 83.8 MPH)
Pinch Hitting: RHB Josh Iriarte 0-0: Called Strike
0-1: Ball
1-1: SOLO HOME RUN (Flyball, 7D, EV 85.6 MPH), Distance : 388 ft
Batting: RHB Spencer Wiggins 0-0: Ball
1-0: Ball
2-0: Called Strike
2-1: Swinging Strike
2-2: Ball
3-2: Fly out, F7 (Flyball, 78M, EV 81.2 MPH)
Bottom of the 8th over - 2 runs, 2 hits, 0 errors, 0 left on base; Columbia 16 - Belleville 9
TOP OF THE 9TH
Columbia River Rats batting - Pitching for Belleville Bulls : LHP Mike Johnson
Now at 1B: Josh Iriarte
Batting: RHB Ryan Guengerich 0-0: Ground out 6-3 (Groundball, 6S, EV 85.0 MPH)
Batting: LHB Ji-e Loh 0-0: Ball
1-0: Ball
2-0: Ground out 4-3 (Groundball, 4M, EV 97.5 MPH)
Batting: RHB Lane Ruffin 0-0: Called Strike
0-1: Foul Ball, location: 2F
0-2: Ball
1-2: Ball
2-2: Ball
3-2: Base on Balls
Batting: SHB Dean Barthorpe 0-0: Ball
1-0: Ball
2-0: Ball
3-0: Base on Balls
Lane Ruffin to second
Batting: LHB Phillam Torralba 0-0: Foul Ball, location: 2F
0-1: Ball
1-1: Ball
2-1: SINGLE (Groundball, 56D, EV 96.2 MPH)
Lane Ruffin to third
Dean Barthorpe to second
Runner from 3rd tries for Home, SAFE, throw by LF to home
Batting: RHB John Alexander 0-0: DOUBLE (Groundball, 5L, EV 104.4 MPH)
Dean Barthorpe scores
Phillam Torralba to third
Runner from 3rd tries for Home, SAFE, throw by LF to home
Pitching: LHP Neyo Eniquez
Batting: RHB Pu-feng Zhou 0-0: Ball
1-0: DOUBLE (Line Drive, 7LD, EV 108.8 MPH)
John Alexander scores
Batting: RHB Chris Rose 0-0: Ball
1-0: Called Strike
1-1: Called Strike
1-2: Strikes out swinging
Top of the 9th over - 4 runs, 3 hits, 0 errors, 1 left on base; Columbia 20 - Belleville 9
BOTTOM OF THE 9TH
Belleville Bulls batting - Pitching for Columbia River Rats : RHP António Morales
Batting: RHB Sean Urien 0-0: Ball
1-0: Ball
2-0: Ball
3-0: Ground out 5-3 (Groundball, 56, EV 102.5 MPH)
Batting: RHB Han Spoelstra 0-0: Foul Ball, location: 2F
0-1: Foul Ball, location: 2F
0-2: Ball
1-2: Foul Ball, location: 2F
1-2: Ball
2-2: Foul Ball, location: 2F
2-2: Fly out, F8 (Flyball, 8RS, EV 90.0 MPH)
Batting: LHB Travis Ladd 0-0: Called Strike
0-1: Called Strike
0-2: Ball
1-2: Ball
2-2: SINGLE (Line Drive, 8RS, EV 108.8 MPH)
Batting: RHB Conan Porter 0-0: Ball
1-0: Fly out, F9 (Flyball, 9, EV 87.5 MPH)
Bottom of the 9th over - 0 runs, 1 hit, 0 errors, 1 left on base; Columbia 20 - Belleville 9
Friday, April 17th, 2020 - OOTP Baseball 20.8 Build 74